 Dungeon Crawl Stone Soup version 0.28-a0-2-g643f2454ad (webtiles) character file.

Game seed: 9569757276770725292

228 funkygono the Firebug (level 6, -7/32 HPs)
             Began as a Gargoyle Fire Elementalist on July 23, 2021.
             Killed from afar by Ijyb (14 damage)
             ... with a bolt of acid
             ... on level 3 of the Dungeon.
             The game lasted 00:05:51 (3262 turns).

funkygono the Firebug (Gargoyle Fire Elementalist)  Turns: 3262, Time: 00:05:52

Health: -7/32      AC: 12    Str: 12    XL:     6   Next: 2%
Magic:  1/11       EV: 12    Int: 17    God:
Gold:   53         SH:  0    Dex: 10    Spells: 2/12 levels left

rFire   . . .      SeeInvis .   m - +3 mace
rCold   . . .      Faith    .   (no shield)
rNeg    + . .      Spirit   .   p - +2 animal skin
rPois   ∞          Reflect  .   q - +2 helmet
rElec   +          Harm     .   j - scarf {repulsion}
rCorr   .          Rampage  .   k - +0 pair of gloves
Will    .....                   (no boots)
Stlth   ++........              (no amulet)
HPRegen 0.10/turn               (no ring)
MPRegen 0.12/turn               (no ring)

@: repel missiles
A: sickness immunity, AC +4, negative energy resistance 1, electricity
resistance, torment resistance 1, petrification resistance
a: no special abilities


You were on level 3 of the Dungeon.
You visited 1 branch of the dungeon, and saw 3 of its levels.

You collected 53 gold pieces.

Inventory:

Hand Weapons
 g - a +0 flail
 l - a +0 whip of venom
 m - a +3 mace (weapon)
Missiles
 c - 10 stones
Armour
 a - a +0 robe
 b - a +0 leather armour
 j - a scarf of repulsion (worn)
 k - a +0 pair of gloves (worn)
 n - a +0 scale mail
 p - a +2 animal skin (worn)
 q - a +2 helmet (worn)
Potions
 d - a potion of magic
 e - a potion of ambrosia {unknown}
 f - 3 potions of curing
 h - a potion of attraction {unknown}
 i - a potion of lignification {unknown}
 o - a potion of flight {unknown}


   Skills:
 + Level 0.2 Fighting
 + Level 0.9 Maces & Flails
 + Level 1.9 Dodging
 - Level 2.1 Stealth
 * Level 3.7 Spellcasting
 * Level 2.8 Conjurations
 * Level 4.3 Fire Magic


You had 2 spell levels left.
You knew the following spells:

 Your Spells              Type           Power      Damage    Failure   Level
a - Foxfire               Conj/Fire      60%        2x1d7     3%          1
b - Conjure Flame         Conj/Fire      15%        6-21      11%         3
c - Searing Ray           Conj           24%        3d4       8%          2
d - Sticky Flame          Conj/Fire      15%        2d4       36%         4

Your spell library contained the following spells:

 Spells                   Type           Power      Damage    Failure   Level
 Magic Dart               Conj           48%        1d5       4%          1
 Beastly Appendage        Tmut           6%         N/A       16%         1
 Wereblood                Tmut           3%         N/A       24%         2
 Inner Flame              Hex/Fire       10%        N/A       21%         3
 Spider Form              Tmut/Pois      1%         N/A       43%         3
 Fulminant Prism          Conj/Hex       3%         3d6       65%         4
 Fireball                 Conj/Fire      7%         3d5       71%         5


Dungeon Overview and Level Annotations

Branches:
Dungeon (3/15)

Altars:

Shops:
D:2 *

Annotations:
D:3 Ijyb


Innate Abilities, Weirdness & Mutations

You are immune to sickness and miasma.
Your stone body is resilient. (AC +4)
You are immune to poison.
You resist negative energy. (rN+)
You are resistant to electric shocks. (rElec)
You are resistant to unholy torment.
You are immune to petrification.


Message History

Casting: Searing Ray (safe; 8% risk of failure)
Confirm with . or Enter, or press ? or * to list all spells.
You conjure some foxfire!
Ijyb shouts!
Casting: Foxfire (safe; 3% risk of failure)
Confirm with . or Enter, or press ? or * to list all spells.
You conjure some foxfire!
Unknown command.
Casting: Foxfire (safe; 3% risk of failure)
Confirm with . or Enter, or press ? or * to list all spells.
You miscast Foxfire.
You are very lightly contaminated with residual magic.
Nothing appears to happen.
The foxfire hits Ijyb.
Ijyb is moderately wounded.
The foxfire hits Ijyb.
Ijyb is moderately wounded.
Your foxfire dissipates!
Casting: Foxfire (safe; 3% risk of failure)
Confirm with . or Enter, or press ? or * to list all spells.
You conjure some foxfire!
The foxfire hits Ijyb but does no damage.
Ijyb is moderately wounded.
Ijyb zaps a wand.
The bolt of acid hits your foxfire!!
Your foxfire is splashed with acid.
The acid corrodes your foxfire! The bolt of acid hits you!
You are splashed with acid!
* * * LOW HITPOINT WARNING * * *
Casting: Foxfire (safe; 3% risk of failure)
Confirm with . or Enter, or press ? or * to list all spells.
You conjure some foxfire!
Unknown command.
The foxfire hits Ijyb but does no damage.
Ijyb is moderately wounded.
The foxfire hits Ijyb!
Ijyb is severely wounded.
Your foxfire dissipates!
Your magical contamination has completely faded away.
You see here a +0 club.
Items here: )) †††.
Ijyb zaps a wand.
The bolt of acid hits you!
You die...

#.# ... #.# #.#
#.# #.# #.# #<#
#@# #)# #)#
#.######.#
.<......†######.
##.#####g........
..... #...#####.
.....###)#.#
###.........#.#


You could see Ijyb.

Vanquished Creatures
  A necrophage (D:2)
  Terence (D:2)
  Robin (D:3)
  2 gnolls (D:1)
  An adder (D:2)
  5 dart slugs
  5 bats
  4 endoplasms
  2 giant cockroaches (D:1)
  13 goblins
  10 hobgoblins
  8 jackals
  3 quokkas
  3 ball pythons
  2 frilled lizards
  4 kobolds
  2 rats
67 creatures vanquished.

Vanquished Creatures (collateral kills)
  4 foxfires (D:1)
4 creatures vanquished.

Vanquished Creatures (others)
  205 foxfires
205 creatures vanquished.

Grand Total: 276 creatures vanquished

Notes
Turn   | Place    | Note
-------+----------+-------------------------------------------
     0 | D:1      | funkygono the Gargoyle Fire Elementalist began the quest
                  | for the Orb.
     0 | D:1      | Reached XP level 1. HP: 10/10 MP: 3/3
     2 | D:1      | Noticed a minotaur
     2 | D:1      | Noticed a draconian
     4 | D:1      | Noticed a human
     4 | D:1      | Noticed a barachi
     6 | D:1      | Noticed an elf
     6 | D:1      | Noticed a vine stalker
     8 | D:1      | Noticed a felid
     8 | D:1      | Noticed a demigod
    10 | D:1      | Noticed a merfolk
    12 | D:1      | Noticed a demonspawn
    14 | D:1      | Noticed an ogre
    14 | D:1      | Noticed a palentonga
    16 | D:1      | Noticed a tengu
    16 | D:1      | Noticed a naga
    18 | D:1      | Noticed a gargoyle
    18 | D:1      | Noticed a troll
    20 | D:1      | Noticed a ghoul
    22 | D:1      | Noticed a dwarf
    22 | D:1      | Noticed a djinni
    24 | D:1      | Noticed a vampire
    24 | D:1      | Noticed a spriggan
    26 | D:1      | Noticed an octopode
    26 | D:1      | Noticed a formicid
   190 | D:1      | Reached XP level 2. HP: 10/15 MP: 1/5
   647 | D:1      | Found a faded altar of an unknown god.
   793 | D:1      | Reached XP level 3. HP: 19/19 MP: 1/6
  1712 | D:2      | Reached XP level 4. HP: 18/24 MP: 6/8
  1715 | D:2      | Learned a level 2 spell: Searing Ray
  1719 | D:2      | Learned a level 3 spell: Conjure Flame
  2032 | D:2      | Noticed a necrophage
  2040 | D:2      | Killed a necrophage
  2041 | D:2      | Reached skill level 4 in Fire Magic
  2041 | D:2      | Reached XP level 5. HP: 28/28 MP: 0/9
  2197 | D:2      | Found Uxuuj's General Store.
  2310 | D:2      | Noticed Terence
  2322 | D:2      | Killed Terence
  3061 | D:2      | Learned a level 4 spell: Sticky Flame
  3192 | D:3      | Noticed Robin
  3217 | D:3      | Killed Robin
  3218 | D:3      | Reached XP level 6. HP: 21/32 MP: 1/11
  3251 | D:3      | Noticed Ijyb
  3262 | D:3      | Killed from afar by Ijyb

Illustrated notes

Levels and vault maps discovered:
D:1:      kb_arrival_jail, layout_loops_ring, serial_forest,
          infiniplex_forest_lined_room_3, infiniplex_forest_end_2,
          infiniplex_forest_lined_room_2, infiniplex_forest_lined_ring,
          infiniplex_forest_lined_ring, infiniplex_forest_fountain,
          infiniplex_forest_pool, ebering_ecumenical_altar_box
D:2:      layout_loops_corners, serial_shops, nicolae_diamond_shop, uniq_terence
D:3:      layout_loops_ring, minmay_misc_feat_rows, st_stairs_1,
          minmay_box_of_dots, uniq_robin, uniq_ijyb

Skill      XL: |  1  2  3  4 |
---------------+-------------+-----
Spellcasting   | 3 |  3.7
Conjurations   | 2 |  2.8
Fire Magic     | 4 |  4.3
Fighting       | |  0.2
Maces & Flails | |  0.9
Dodging        | |  1.9
Stealth        | |  2.1

Action                   |  1- 3 |  4- 6 || total
-------------------------+-------+-------++-------
Melee: Club              |    13 |       ||    13
       Unarmed           |     3 |       ||     3
       Flail             |     7 |     2 ||     9
       Mace              |       |    13 ||    13
       Whip              |       |     3 ||     3
 Cast: Foxfire           |    51 |    75 ||   126
       Conjure Flame     |       |     1 ||     1
       Searing Ray       |       |     2 ||     2
  Use: Scroll            |     1 |     2 ||     3
 Stab: Sleeping          |     1 |       ||     1
Armor: Robe              |    13 |    11 ||    24
Dodge: Dodged            |    21 |    21 ||    42

Table legend: (Time is in decaauts)
 A = Elapsed time spent in this place.
 B = Non-inter-level travel time spent in this place.
 C = Inter-level travel time spent in this place.
 D = Time resting spent in this place.
 E = Time spent auto-exploring this place.
 F = Levels seen in this place.
 G = Mean time per level.
                   A        B        C        D        E       F      G
               +--------+--------+--------+--------+--------+-----+--------+
         Total |   3271 |   3226 |     45 |    231 |   2451 |   3 | 1090.3 |
       Dungeon |   3271 |   3226 |     45 |    231 |   2451 |   3 | 1090.3 |
               +--------+--------+--------+--------+--------+-----+--------+

Top non-repeatable levels by time:
     D:1: 1703 daAuts
     D:2: 1384 daAuts
     D:3: 184 daAuts
